 Dungeon Crawl Stone Soup version 0.23.2-11-gf996548 (webtiles) character file.

Game seed: 9518426930725699117

289 Fang the Skirmisher (level 6, -1/39 HPs)
             Began as a Gargoyle Berserker on June 4, 2019.
             Was a Believer of Trog.
             Slain by an orc
             ... wielding a +0 flail
              (3 damage)
             ... on level 3 of the Dungeon.
             The game lasted 00:03:15 (1837 turns).

Fang the Skirmisher (Gargoyle Berserker)            Turns: 1837, Time: 00:03:15

Health: -1/39      AC:  6    Str: 23    XL:     6   Next: 31%
Magic:  6/6        EV: 12    Int:  7    God:    Trog [**....]
Gold:   76         SH:  0    Dex:  9    Spells: 5/5 levels left

rFire    . . .     SeeInvis .   a - +0 war axe
rCold    . . .     Gourm    .   (no shield)
rNeg     + . .     Faith    .   b - +0 animal skin
rPois    ∞         Spirit   .   (no helmet)
rElec    +         Reflect  .   (no cloak)
rCorr    .         Harm     .   (no gloves)
MR       .....                  (no boots)
Stlth    +.........             (no amulet)
HPRegen  0.13/turn              (no ring)
MPRegen  0.10/turn              (no ring)

@: no status effects
A: negative energy resistance 1, electricity resistance, unbreathing,
petrification resistance, rot immunity, AC +4
a: Berserk, Trog's Hand, Renounce Religion


You were on level 3 of the Dungeon.
You worshipped Trog.
Trog was pleased with you.
You were not hungry.

You visited 1 branch of the dungeon, and saw 3 of its levels.

You collected 76 gold pieces.

Inventory:

Hand Weapons
 a - a +0 war axe (weapon)
Armour
 b - a +0 animal skin (worn)
Scrolls
 e - a scroll of enchant armour {unknown}
 f - a scroll of magic mapping {unknown}
 h - a scroll of random uselessness {unknown}
 i - a scroll of remove curse {unknown}
 j - 2 scrolls of identify {unknown}
Potions
 d - 2 potions of agility {unknown}
 g - a potion of brilliance {unknown}
 k - 3 potions of flight {unknown}
 l - a potion of curing {unknown}
Comestibles
 c - 7 rations
 n - a chunk of flesh


   Skills:
 + Level 4.7 Fighting
 + Level 3.9 Axes
 + Level 3.9 Armour
 + Level 2.9 Dodging


You had 5 spell levels left.
You didn't know any spells.
Your spell library was empty.

Dungeon Overview and Level Annotations

Branches:
Dungeon (3/15)

Altars:
Vehumet


Innate Abilities, Weirdness & Mutations

You are resistant to torment.
Your stone body is resilient. (AC +4)
You are immune to poison.
You resist negative energy. (rN+)
You are resistant to electric shocks. (rElec)
You can survive without breathing.
You are immune to petrification.
You are immune to rotting.


Message History

You kill the orc wizard!
Trog accepts your kill.
Trog appreciates your killing of a magic user.
You barely miss the orc. The orc hits you with a +0 flail.
* * * LOW HITPOINT WARNING * * *
The hobgoblin closely misses you.
You feel less confused. The hobgoblin barely misses you.
The hobgoblin hits you but does no damage.
The orc hits you but does no damage.
You barely miss the orc. You barely miss the hobgoblin.
The hobgoblin hits you but does no damage.
The orc misses you.
The hobgoblin hits you but does no damage.
You hit the orc but do no damage. You hit the hobgoblin.
You kill the hobgoblin!
Trog accepts your kill. The orc closely misses you.
You closely miss the orc. The orc hits you with a +0 flail.
You die...

#..........
#..........
#..g.......
#..........
#.##.......
#######)).....#
#<......).....#
#######o†.....#
#@..!...#
#.......#
#.........
#..........
######...#.
...# ..# .#


You could see an orc.

Vanquished Creatures
  Sigmund (D:2)
  A centaur skeleton (D:2)
  An orc wizard (D:3)
  2 adders (D:2)
  A worm (D:2)
  4 dart slugs
  A leopard gecko (D:2)
  4 orcs
  A ball python (D:1)
  2 giant cockroaches (D:1)
  5 hobgoblins
  2 quokkas
  4 bats
  A frilled lizard (D:1)
  5 goblins
  A kobold (D:1)
  9 rats
45 creatures vanquished.

Notes
Turn   | Place    | Note
-------+----------+-------------------------------------------
     0 | D:1      | Fang the Gargoyle Berserker began the quest for the Orb.
     0 | D:1      | Reached XP level 1. HP: 14/14 MP: 1/1
   313 | D:1      | Reached XP level 2. HP: 14/19 MP: 2/2
   573 | D:1      | Reached XP level 3. HP: 22/23 MP: 3/3
  1043 | D:2      | Reached XP level 4. HP: 11/29 MP: 4/4
  1044 | D:2      | Reached skill level 4 in Fighting
  1203 | D:2      | Noticed Sigmund
  1213 | D:2      | Killed Sigmund
  1213 | D:2      | Reached ** piety under Trog
  1213 | D:2      | Reached XP level 5. HP: 15/34 MP: 5/5
  1213 | D:2      | Reached XP level 6. HP: 17/39 MP: 6/6
  1483 | D:2      | Found a radiant altar of Vehumet.
  1832 | D:3      | HP: 1/39 [orc/+0 flail (6)]
  1837 | D:3      | Slain by an orc

Skill      XL: |  1  2  3  4 |
---------------+-------------+-----
Axes           | 3 |  3.9
Dodging        | 2 |  2.9
Armour         | 3 |  3.9
Fighting       | 4 |  4.7

Action                   |  1- 3 |  4- 6 || total
-------------------------+-------+-------++-------
Melee: Hand axe          |   102 |    46 ||   148
       War axe           |       |    32 ||    32
Invok: Berserk           |       |     1 ||     1
  Eat: Chunk             |       |     4 ||     4
Armor: Animal skin       |    30 |    31 ||    61
Dodge: Dodged            |    71 |    62 ||   133
